Map: Honorgrounds LE

Players

IIIIIIIIII

  • Race: Zerg Zerg
  • League: Master
  • Spawn Location: 11:00

Railgan - Winner!

  • Race: Zerg Zerg
  • League: Grandmaster
  • Spawn Location: 1:00

VOD

Have the link to the VOD?

Description

Time

  • Played on: March 23, 2017, 8:42 p.m.
  • Length: 15:02
Show
View Real Time Build Order
Export as new Build Order

IIIIIIIIII Zerg 

Build Orders: Pool First 

Get SALT Encoding   

  12  0:01  Drone  
  13  0:08  Drone  
  14  0:20  Extractor  
  14  0:21  Drone  
  14  0:35  Spawning Pool  
  13  0:37  Drone  
  14  0:43  Extractor, Drone  
  15  0:52  Overlord  
  15  1:22  Metabolic Boost, Zergling x6  
  18  1:29  Queen  
  20  1:33  Zergling x2  
  21  1:47  Zergling x2  
  22  1:58  Baneling Nest, Overlord  
  21  2:08  Zergling x2  
  22  2:18  Zergling x2  
  23  2:29  Zergling x2  
  23  2:43  Zergling x2  
  23  2:44  Zergling x4  
  25  2:57  Zergling x2  
  26  3:02  Baneling  
  26  3:03  Baneling x3  
  26  3:07  Zergling x2  
  26  3:08  Hatchery  
  26  3:16  Drone  
  26  3:18  Drone  
  26  3:19  Drone  
  29  3:33  Spine Crawler  
  28  3:34  Drone  
  29  3:45  Overlord  
  28  4:00  Drone  
  29  4:04  Drone x4  
  29  4:06  Extractor  
  32  4:18  Drone  
  32  4:20  Drone  
  32  4:21  Queen  
  35  4:40  Overlord  
  35  4:44  Lair  
  35  4:46  Drone  
  35  4:48  Drone  
  37  4:57  Drone x2  
  37  4:58  Drone  
  40  5:23  Drone x6  
  40  5:24  Drone  
  40  5:26  Extractor x2  
  45  5:45  Spire, Overlord  
  45  5:46  Overlord  
  44  5:53  Drone x4  
  46  6:13  Overlord  
  46  6:15  Drone x5  
  46  6:16  Drone  
  46  6:17  Drone  
  53  6:18  Drone  
  54  6:46  Overlord x2  
  54  7:00  Mutalisk x4  
  54  7:01  Mutalisk x5  
  62  7:06  Zerg Flyer Weapons Level 1  
  72  7:09  Mutalisk  
  74  7:16  Spine Crawler  
  73  7:26  Mutalisk  
  73  7:27  Unknown  
  75  7:32  Hatchery  
  75  7:36  Mutalisk x2  
  77  7:44  Mutalisk  
  77  7:47  Mutalisk  
  77  7:50  Zergling x2  
  77  7:51  Zergling x2  
  83  7:53  Overlord x2  
  83  8:07  Overlord x2  
  83  8:15  Evolution Chamber  
  83  8:16  Spore Crawler  
  83  8:17  Spore Crawler  
  80  8:21  Spore Crawler  
  80  8:23  Mutalisk x3  
  85  8:28  Zergling x4  
  87  8:45  Spore Crawler x2  
  87  8:46  Drone x4  
  87  8:47  Drone x2  
  91  8:53  Infestation Pit  
  90  9:01  Spore Crawler  
  85  9:27  Mutalisk x2  
  85  9:28  Mutalisk x5  
  99  9:35  Extractor  
  99  9:36  Extractor  
  97  9:40  Drone x3  
  97  9:41  Drone  
  97  9:42  Drone x2  
  97  9:44  Drone  
  103  9:49  Queen  
  105  9:56  Zerg Flyer Weapons Level 2  
  105  10:06  Drone x4  
  109  10:15  Infestor x2  
  113  10:21  Baneling  
  113  10:22  Baneling x5  
  113  10:24  Overlord  
  113  10:54  Infestor  
  113  10:55  Infestor  
  113  10:56  Queen x2  
  121  10:58  Overlord x3  
  121  11:03  Queen  
  122  11:17  Mutalisk x4  
  122  11:18  Mutalisk x2  
  132  11:26  Extractor  
  131  11:36  Zerg Missile Weapons Level 1  
  131  11:41  Queen x3  
  132  12:02  Drone  
  132  12:03  Drone x2  
  132  12:05  Extractor  
  134  12:17  Drone x4, Burrow  
  134  12:46  Drone x2  
  134  12:47  Drone  
  134  12:48  Drone x7  
  134  12:49  Drone  
  145  13:01  Hatchery  
  129  13:17  Mutalisk x4  
  137  13:20  Overlord x4  
  137  13:24  Spore Crawler x2  
  135  13:33  Zergling x4  
  137  13:35  Overlord x3  
  127  14:11  Mutalisk x5  
  127  14:12  Mutalisk x4  
  145  14:24  Baneling  
  145  14:30  Zergling x10  
  145  14:31  Zergling x2  
Show
View Real Time Build Order
Export as new Build Order

Railgan Zerg - Winner!

Build Orders: Hatch First 

Get SALT Encoding   

  12  0:01  Drone  
  13  0:12  Overlord  
  13  0:18  Drone  
  14  0:30  Drone x2  
  16  0:35  Drone  
  17  0:45  Drone  
  18  0:58  Hatchery  
  18  0:59  Drone  
  18  1:01  Extractor  
  17  1:14  Spawning Pool  
  17  1:17  Drone  
  17  1:20  Drone  
  18  1:28  Drone  
  19  1:38  Overlord  
  19  2:02  Baneling Nest, Queen  
  19  2:03  Spine Crawler, Zergling x2  
  19  2:04  Spine Crawler  
  19  2:07  Zergling x2  
  20  2:13  Zergling x2  
  21  2:18  Zergling x2  
  22  2:25  Zergling x2  
  23  2:38  Queen  
  22  2:44  Zergling x4  
  22  2:46  Zergling x2  
  23  3:00  Overlord  
  23  3:04  Baneling x2  
  23  3:05  Drone  
  24  3:08  Metabolic Boost  
  24  3:14  Drone  
  24  3:17  Baneling  
  25  3:26  Drone x2  
  27  3:33  Baneling  
  27  3:44  Drone  
  28  3:51  Hatchery  
  28  3:53  Baneling x2  
  27  3:57  Zergling x2  
  27  4:00  Drone  
  29  4:04  Zergling x2  
  29  4:09  Drone x2  
  32  4:16  Drone  
  33  4:22  Lair  
  33  4:25  Extractor  
  33  4:28  Drone  
  32  4:33  Drone  
  32  4:35  Zergling x2  
  34  4:39  Overlord  
  34  4:46  Drone x2  
  36  4:55  Drone x2  
  38  5:04  Overlord  
  38  5:11  Drone  
  38  5:16  Drone x2  
  38  5:17  Drone  
  38  5:18  Overlord  
  42  5:21  Drone  
  42  5:25  Zergling x2  
  43  5:28  Drone  
  44  5:37  Spire  
  44  5:38  Drone x2  
  45  5:43  Drone x2  
  45  5:45  Extractor  
  45  5:46  Drone  
  47  5:52  Drone  
  47  5:54  Drone  
  49  5:58  Drone x2  
  49  6:01  Overlord  
  49  6:02  Extractor  
  49  6:10  Drone  
  49  6:11  Zergling x4  
  49  6:15  Drone  
  49  6:17  Drone x2, Zergling x2  
  55  6:28  Overlord  
  55  6:31  Hatchery  
  54  6:45  Overseer  
  53  6:48  Drone  
  53  6:49  Zergling x2  
  53  6:51  Zerg Flyer Armor Level 1, Mutalisk x3  
  61  6:54  Mutalisk  
  61  7:01  Mutalisk x2  
  67  7:08  Mutalisk  
  67  7:11  Overlord  
  67  7:12  Drone  
  70  7:18  Mutalisk  
  70  7:20  Drone x2  
  74  7:29  Extractor  
  73  7:32  Extractor  
  73  7:35  Mutalisk x2  
  76  7:38  Overlord  
  76  7:39  Drone  
  76  7:40  Drone  
  76  7:44  Spore Crawler  
  77  7:45  Spore Crawler  
  77  7:47  Spore Crawler  
  75  7:53  Overlord  
  75  7:55  Spore Crawler  
  75  7:56  Queen  
  76  8:08  Mutalisk x3  
  76  8:10  Overlord  
  82  8:14  Drone x3  
  85  8:28  Mutalisk x3  
  85  8:30  Mutalisk  
  93  8:36  Mutalisk  
  93  8:38  Mutalisk  
  97  8:45  Zerg Flyer Weapons Level 1  
  97  8:48  Drone  
  97  8:49  Overlord  
  97  8:52  Overlord  
  98  9:00  Overlord  
  98  9:02  Overlord  
  98  9:08  Drone  
  97  9:17  Drone x7  
  104  9:29  Drone  
  104  9:30  Drone x4  
  109  9:34  Drone x2  
  109  9:36  Overlord  
  111  9:38  Mutalisk  
  111  9:39  Mutalisk  
  111  9:43  Mutalisk  
  111  9:44  Mutalisk  
  119  9:50  Mutalisk  
  119  9:51  Mutalisk  
  123  9:58  Mutalisk x2, Evolution Chamber  
  126  10:00  Mutalisk  
  126  10:04  Mutalisk x2  
  132  10:09  Overlord  
  132  10:15  Hatchery  
  132  10:17  Overlord  
  131  10:24  Mutalisk x3  
  131  10:28  Mutalisk  
  137  10:29  Mutalisk  
  137  10:34  Zerg Melee Weapons Level 1  
  141  10:35  Mutalisk  
  141  10:42  Zergling x6  
  146  10:52  Zerg Flyer Armor Level 2  
  146  10:58  Zergling x16  
  154  11:15  Overlord  
  154  11:19  Infestation Pit, Overlord  
  154  11:20  Hydralisk Den, Overlord  
  154  11:22  Overseer x2  
  154  11:23  Zergling x2  
  154  11:24  Zergling x2  
  154  11:27  Evolution Chamber  
  154  11:28  Overseer x2  
  154  11:30  Pneumatized Carapace  
  154  11:32  Zergling x2  
  154  11:33  Overlord, Zergling x4  
  154  11:37  Drone x4  
  154  11:38  Drone x2, Spore Crawler  
  161  11:42  Zergling x2  
  160  11:55  Zergling x2  
  160  11:56  Hydralisk, Muscular Augments  
  160  11:57  Hydralisk x4  
  171  12:03  Hive  
  171  12:09  Zergling x2  
  171  12:10  Zergling x8  
  176  12:16  Zerg Ground Armor Level 1  
  176  12:18  Zergling x2  
  176  12:19  Zergling x2  
  178  12:29  Zerg Missile Weapons Level 1  
  175  12:36  Hydralisk x6  
  174  12:41  Extractor, Spore Crawler  
  174  12:42  Extractor  
  174  12:43  Zergling x2  
  182  12:44  Overlord  
  182  12:47  Drone x2  
  182  12:48  Drone x3, Overlord  
  187  12:57  Overlord  
  173  13:13  Hydralisk x5  
  173  13:18  Zergling x2  
  184  13:23  Ultralisk Cavern  
  184  13:25  Drone x2  
  184  13:26  Drone x3  
  184  13:27  Drone  
  189  13:28  Hydralisk x2  
  193  13:42  Hydralisk  
  193  13:48  Hydralisk x2  
  185  14:14  Hydralisk  
  185  14:15  Hydralisk x8  
  185  14:16  Overlord  
  199  14:30  Overseer x2  
  199  14:40  Baneling  
  199  14:41  Baneling x7  
  199  14:46  Hatchery  
Tags
 
Add a new tag
Caveats
  • Supply blocks, unpowered buildings, or Contaminate may cause inaccurate times.
  • Supply counts are checked every 10 seconds.